 Dungeon Crawl Stone Soup version 0.32-a0-886-g41c5271027 (webtiles) character file.

Game seed: 3050861382728284080

743 pokeman the Thaumaturge (level 7, -1/40 HPs)
             Began as a Deep Elf Hedge Wizard on Apr 3, 2024.
             Succumbed to a water moccasin's poison
             ... on level 5 of the Dungeon.
             The game lasted 00:10:50 (5346 turns).

pokeman the Thaumaturge (Deep Elf Hedge Wizard)     Turns: 5346, Time: 00:10:51

Health: -1/40      AC:  5    Str:  7    XL:     7   Next: 47%
Magic:  13/20      EV: 16    Int: 21    God:
Gold:   322        SH:  0    Dex: 14    Spells: 14/22 levels left

rFire   . . .        b - +1 flail (protect)
rCold   + . .        (no shield)
rNeg    . . .        s - +1 leather armour {rC+}
rPois   .            c - +0 hat
rElec   .            (no cloak)
rCorr   .            e - +0 pair of gloves
SInv    .            (no boots)
Will    .....        (no amulet)
Stlth   ++           k - +5 ring of evasion
HPRegen 0.26/turn    (no ring)
MPRegen 0.17/turn

%: no passive effects
@: lethally poisoned (-1 -> -18), on blink cooldown
A: no striking features
a: no special abilities


You were on level 5 of the Dungeon.
You visited 2 branches of the dungeon, and saw 6 of its levels.
You also visited: Sewer.

You collected 322 gold pieces.

Inventory:

Hand Weapons
 b - a +1 flail of protection (weapon)
Armour
 c - a +0 hat (worn)
 e - a +0 pair of gloves (worn)
 s - a +1 leather armour of cold resistance (worn)
Magical Staves
 m - a staff of alchemy
 w - a staff of earth
Jewellery
 k - a +5 ring of evasion (left hand)
Wands
 x - a wand of acid (10)
 y - a wand of flame (12)
Scrolls
 a - 2 scrolls of blinking {unknown}
 f - 2 scrolls of vulnerability {unknown}
 g - 3 scrolls of identify {unknown}
 h - 2 scrolls of torment {unknown}
 i - 3 scrolls of teleportation {unknown}
 n - 2 scrolls of enchant armour {unknown}
 p - 2 scrolls of fog {unknown}
 q - a scroll of revelation {unknown}
 v - a scroll of poison {unknown}
 z - a scroll of noise {unknown}
 B - a scroll of immolation {unknown}
Potions
 d - a potion of magic
 j - 4 potions of degeneration {unknown}
 l - a potion of haste {unknown}
 o - a potion of ambrosia {unknown}
 r - 3 potions of enlightenment {unknown}
 u - 4 potions of curing {unknown}
 A - 2 potions of cancellation {unknown}
 C - a potion of berserk rage {unknown}
Miscellaneous
 t - a box of beasts


   Skills:
 - Level 2.0 Fighting
 + Level 1.3 Armour
 - Level 3.0 Dodging
 - Level 3.0 Stealth
 * Level 8.2 Spellcasting
 + Level 4.0 Conjurations
 - Level 1.1 Summonings
 - Level 1.1 Translocations
 - Level 1.2 Air Magic
 + Level 2.2 Earth Magic
 - Level 1.2 Alchemy
 - Level 1.0 Evocations


You had 14 spell levels left.
You knew the following spells:

 Your Spells              Type           Power      Damage    Failure   Level
a - Magic Dart            Conj           100%       1d8       2%          1
b - Mephitic Cloud        Conj/Alch/Air  17%        N/A       14%         3
c - Call Imp              Summ           26%        N/A       11%         2
d - Blink                 Tloc           26%        N/A       11%         2

Your spell library contained the following spells:

 Spells                   Type           Power      Damage    Failure   Level
 Slow                     Hex            32%        N/A       12%         1
 Cigotuvi's Dreadful Rot  Necr/Alch/Air  24%        N/A       12%         2


Dungeon Overview and Level Annotations

Branches:
Dungeon (5/15)             Temple (1/1) D:4           Sewer (visited)

Altars:
Dithmenos
Fedhas
Kikubaaqudgha
Nemelex Xobeh
Okawaru
Qazlal
Ru
Sif Muna
Trog
Wu Jian
Yredelemnul
The Shining One

Annotations:
D:4 Grinder


Message History

Confirm with . or Enter, or press ? or * to list all spells.
A tiny devil pulls itself out of the air.
The water moccasin bites you.
You are poisoned.
The water moccasin poisons you!
Unknown command.
You barely miss the water moccasin.
You feel very sick. The water moccasin bites you. The water moccasin bites you!
Your cerulean imp closely misses the water moccasin.
Unknown command.
You swap places.
You feel very sick.
The water moccasin bites your cerulean imp.
Your cerulean imp is poisoned.
The water moccasin poisons your cerulean imp!
Your cerulean imp closely misses the water moccasin.
You feel sick.
Your cerulean imp barely misses the water moccasin.
Casting: Call Imp (safe; 11% risk of failure)
Confirm with . or Enter, or press ? or * to list all spells.
Aiming: Magic Dart (safe; 2% risk of failure)
Press: ? - help, Shift-Dir - straight line, f/p - water moccasin
Aim: a water moccasin (ally target, 100% to hit)
The magic dart hits the water moccasin but does no damage.
You feel sick. The water moccasin misses you.
Your cerulean imp misses the water moccasin.
Unknown command.
You closely miss the water moccasin.
You feel sick.
The water moccasin bites you but does no damage.
Your cerulean imp closely misses the water moccasin.
The water moccasin bites you.
* * * LOW HITPOINT WARNING * * *
You are more poisoned.
The water moccasin poisons you!
Your magical contamination has completely faded away.
Casting: Magic Dart (safe; 2% risk of failure)
Confirm with . or Enter, or press ? or * to list all spells.
You blink.
You die...

........ . .
########### #
.#.
...........
#. ...
###########
.##.# # .#.#
# ..# # #
#.#####.# #
#5..@...## #
#.S........#
#
##ยง########.
# #.# # #.# #
#.# # #.# #
#.# ##.# #
##.## #... #


You could see a water moccasin (ally target) and a friendly cerulean imp
(summoned, very poisoned).

Vanquished Creatures
  2 ogres
  A centaur (D:4)
  2 bullfrogs (Sewer)
  A bombardier beetle (D:4)
  2 jellies
  2 hounds (D:4)
  9 adders
  An ufetubus (D:3)
  8 dart slugs
  A ribbon worm (D:2)
  4 orcs
  16 ball pythons
  4 endoplasms
  13 giant cockroaches
  3 goblins
  11 hobgoblins
  3 jackals
  5 quokkas
  2 bats
  14 frilled lizards
  9 kobolds
  5 rats
118 creatures vanquished.

Notes
Turn   | Place    | Note
-------+----------+-------------------------------------------
     0 | D:1      | pokeman the Deep Elf Hedge Wizard began the quest for the
                  | Orb.
     0 | D:1      | Reached XP level 1. HP: 10/10 MP: 7/7
   174 | D:1      | Reached XP level 2. HP: 16/16 MP: 5/9
   360 | D:1      | Found a faded altar of an unknown god.
   754 | D:1      | Reached skill level 5 in Spellcasting
   958 | D:2      | Reached XP level 3. HP: 20/20 MP: 7/11
   963 | D:2      | Learned a level 3 spell: Mephitic Cloud
   966 | D:2      | Learned a level 2 spell: Call Imp
   969 | D:2      | Learned a level 2 spell: Blink
  1521 | D:2      | Reached skill level 1 in Fighting
  1578 | D:2      | Reached skill level 1 in Armour
  1746 | D:3      | Found a glowing drain.
  1778 | D:3      | Reached XP level 4. HP: 24/25 MP: 13/13
  1796 | Sewer    | Entered a sewer
  2278 | Sewer    | Reached skill level 6 in Spellcasting
  2440 | Sewer    | Reached XP level 5. HP: 29/29 MP: 1/15
  2742 | Sewer    | Reached skill level 1 in Evocations
  2749 | Sewer    | Reached skill level 1 in Air Magic
  2749 | Sewer    | Reached skill level 1 in Alchemy
  2749 | Sewer    | Reached XP level 6. HP: 26/34 MP: 0/17
  3681 | D:3      | Found a sparkling altar of Nemelex Xobeh.
  3889 | D:4      | Noticed Grinder
  3975 | D:4      | Reached skill level 7 in Spellcasting
  4014 | D:4      | Reached skill level 1 in Earth Magic
  4321 | D:4      | Reached XP level 7. HP: 26/39 MP: 12/20
  4592 | D:4      | Found a staircase to the Ecumenical Temple.
  4601 | Temple   | Entered the Ecumenical Temple
  4791 | D:5      | Entered Level 5 of the Dungeon
  4960 | D:5      | Reached skill level 8 in Spellcasting
  5345 | D:5      | HP: 2/40 [water moccasin (6)]
  5346 | D:5      | Succumbed to a water moccasin's poison

Illustrated notes

Levels and vault maps discovered:
D:1:      lemuel_arrival_hallway, layout_rooms,
          hellmonk_ecumenical_altar_inner_sanctum
D:2:      layout_basic, st_stairs_12
D:3:      minmay_diamond_boxcup, layout_basic, mainiacjoe_overflow_brackets,
          gup_sewer_entry_glass
D:4:      layout_basic, minmay_temple_entry_enclosed_plants, uniq_grinder
D:5:      layout_loops_ring, lemuel_coloured_pillars_altar, uniq_edmund
Temple:   minmay_temple_curvy_loop

Skill      XL: |  1  2  3  4  5  6  7 |
---------------+----------------------+-----
Spellcasting   | 5 6 7 8 |  8.2
Fighting       | 1 2 |  2.0
Armour         | 1 |  1.3
Conjurations   | 2 3 4 |  4.0
Dodging        | 3 |  3.0
Stealth        | 3 |  3.0
Evocations     | 1 |  1.0
Air Magic      | 1 |  1.2
Alchemy        | 1 |  1.2
Earth Magic    | 1 2 |  2.2
Summonings     | |  1.1
Translocations | |  1.1

Action                     |  1- 3 |  4- 6 |  7- 9 || total
---------------------------+-------+-------+-------++-------
  Melee: Dagger            |     8 |       |       ||     8
         Flail             |     8 |    29 |     6 ||    43
   Cast: Magic Dart        |   112 |   161 |    38 ||   311
         Mephitic Cloud    |     1 |     3 |     2 ||     6
         Blink             |       |       |     1 ||     1
         Call Imp          |       |       |     1 ||     1
   Stab: Confused          |     1 |     1 |     1 ||     3
         Sleeping          |     1 |       |       ||     1
 Armour: Robe              |     7 |       |       ||     7
         Leather armour    |    12 |    29 |    12 ||    53
  Dodge: Dodged            |    44 |    89 |     9 ||   142

Table legend: (Time is in decaauts)
 A = Elapsed time spent in this place.
 B = Non-inter-level travel time spent in this place.
 C = Inter-level travel time spent in this place.
 D = Time resting spent in this place.
 E = Time spent auto-exploring this place.
 F = Levels seen in this place.
 G = Mean time per level.
                   A        B        C        D        E       F      G
               +--------+--------+--------+--------+--------+-----+--------+
         Total |   5456 |   5330 |    126 |      0 |   4611 |   7 |  779.4 |
       Dungeon |   4077 |   3951 |    126 |      0 |   3407 |   5 |  815.4 |
        Temple |      1 |      1 |      0 |      0 |      0 |   1 |    1.0 |
         Sewer |   1377 |   1377 |      0 |      0 |   1204 |   1 | 1377.0 |
               +--------+--------+--------+--------+--------+-----+--------+

Top non-repeatable levels by time:
   Sewer: 1377 daAuts
     D:1: 953 daAuts
     D:4: 935 daAuts
     D:3: 851 daAuts
     D:2: 780 daAuts
     D:5: 556 daAuts
  Temple: 1 daAuts
